[Event "FIDE Zonal 2.5 Open 2019"]
[Site "Montevideo"]
[Date "2019.04.16"]
[Round "5.2"]
[White "Henriquez Villagra, Cristobal"]
[Black "Pichot, Alan"]
[Result "1/2-1/2"]
[ECO "A78"]
[WhiteElo "2543"]
[BlackElo "2566"]
[Annotator "ChessBase"]
[PlyCount "71"]
[EventDate "2019.04.13"]
[EventType "swiss"]
[EventCountry "URU"]
[SourceTitle "playchess.com"]
[Source "ChessBase"]
[SourceQuality "1"]
[TimeControl "40/5400+30:1800+30"]

1. d4 Nf6 2. c4 e6 3. Nc3 c5 4. d5 exd5 5. cxd5 d6 6. Nf3 g6 7. e4 Bg7 8. Nd2 O-O 9. Be2 Re8 10. O-O Na6 11. Re1 Nc7 12. a4 b6 13. Qc2 Na6 14. h3 Nb4 15. Qd1 Nd7 16. Bb5 Ne5 17. Bxe8 Qxe8 18. Nb5 Qd7 19. Nf3 Nxf3+ 20. Qxf3 Nc2 21. Bf4 Bxb2 22. Rab1 Nxe1 23. Rxe1 Ba6 24. Nxd6 f6 25. Qg3 Rd8 26. e5 fxe5 27. Rxe5 Rf8 28. Re4 Bd4 29. Be3 Bf6 30. Bh6 Bg7 31. Bxg7 Qxg7 32. Ne8 Qf7 33. Qe5 Qxf2+ 34. Kh2 Qf7 35. d6 Bb7 36. Nf6+ 1/2-1/2

[Event "FIDE Zonal 2.5 Open 2019"]
[Site "Montevideo"]
[Date "2019.04.16"]
[Round "5.4"]
[White "Perez Ponsa, Federico"]
[Black "Michailov, Matias"]
[Result "1-0"]
[ECO "B53"]
[WhiteElo "2562"]
[BlackElo "2264"]
[Annotator "RC"]
[PlyCount "127"]
[EventDate "2019.04.13"]
[EventType "swiss"]
[EventCountry "URU"]
[SourceTitle "playchess.com"]
[Source "ChessBase"]
[SourceQuality "1"]
[TimeControl "40/5400+30:1800+30"]

1. e4 c5 2. Nf3 d6 3. d4 cxd4 4. Qxd4 a6 5. h3 Nc6 6. Qe3 g6 7. Be2 Nf6 8. c4 Bg7 9. O-O O-O 10. Nc3 Nd7 11. b3 Nde5 12. Rd1 Qa5 13. Nxe5 Bxe5 14. Bb2 Qc5 15. Qd2 Be6 16. Rac1 Bd4 17. Bf3 Qe5 18. Na4 Bxb2 19. Nxb2 a5 20. Na4 Qf6 21. Qe3 Rad8 22. Rd2 Ne5 23. Be2 g5 24. c5 Kg7 25. Rcd1 Qf4 26. Qc3 Qxe4 27. Qxa5 d5 28. Nc3 Qf4 29. Nxd5 Bxd5 30. Rxd5 Rxd5 31. Rxd5 e6 32. Rd1 h5 33. Qc3 Qf6 34. Bxh5 Rh8 35. Re1 Nd7 36. Qxf6+ Kxf6 37. Bf3 Nxc5 38. b4 Nd3 39. Rb1 Rb8 40. a4 Ne5 41. Be4 Ke7 42. g4 Kd6 43. Rd1+ Kc7 44. Rc1+ Kd6 45. Rc5 f5 46. gxf5 exf5 47. Bxf5 b6 48. Rc3 Ra8 49. Bc2 Ra7 50. Kg2 Nc6 51. Rc4 Ne5 52. Rd4+ Ke6 53. Bb3+ Kf5 54. Rd6 Rc7 55. Rxb6 Nd3 56. Rb5+ Kf4 57. Bd1 Rc1 58. Bg4 Ne1+ 59. Kh2 Nd3 60. Rf5+ Ke4 61. b5 Ra1 62. b6 Rxa4 63. b7 Rb4 64. Rf8 1-0

[Event "FIDE Zonal 2.5 Open 2019"]
[Site "Montevideo"]
[Date "2019.04.16"]
[Round "5.7"]
[White "Viera, Emilio"]
[Black "Cubas, Jose Fernando"]
[Result "0-1"]
[ECO "A13"]
[WhiteElo "2138"]
[BlackElo "2505"]
[Annotator "ChessBase"]
[PlyCount "94"]
[EventDate "2019.04.13"]
[EventType "swiss"]
[EventCountry "URU"]
[SourceTitle "playchess.com"]
[Source "ChessBase"]
[SourceQuality "1"]
[TimeControl "40/5400+30:1800+30"]

1. c4 e6 2. Nc3 d5 3. cxd5 exd5 4. d4 c6 5. Bf4 Bf5 6. Nf3 Nf6 7. e3 Nbd7 8. Bd3 Bxd3 9. Qxd3 Be7 10. O-O Nh5 11. Bg3 Nxg3 12. hxg3 O-O 13. Rab1 a5 14. a3 f5 15. b4 b5 16. Ne5 Rf6 17. Nxd7 Qxd7 18. Rfc1 axb4 19. axb4 Qe8 20. Ne2 Ra4 21. Qd2 Qf8 22. Nf4 Bxb4 23. Qd1 Qa8 24. Nd3 Bd6 25. Ra1 Rf7 26. Nb2 Rxa1 27. Rxa1 Ra7 28. Rxa7 Qxa7 29. Qc2 Qd7 30. Nd3 b4 31. Qa4 Qb7 32. Nc1 Kf7 33. Kf1 g5 34. Nb3 Ke6 35. Ke1 h5 36. Qa5 f4 37. gxf4 Qh7 38. Qa2 gxf4 39. exf4 Bxf4 40. Nc5+ Kf6 41. g3 Bd6 42. Nb3 Qd3 43. Qb2 Kf7 44. Nd2 Be7 45. Kd1 Ke6 46. Ke1 Kf5 47. Qc1 Bg5 0-1

[Event "FIDE Zonal 2.5 Open 2019"]
[Site "Montevideo"]
[Date "2019.04.16"]
[Round "5.8"]
[White "Krysa, Leandro"]
[Black "Coppola, Claudio"]
[Result "1-0"]
[ECO "A57"]
[WhiteElo "2498"]
[BlackElo "2238"]
[Annotator "ChessBase"]
[PlyCount "57"]
[EventDate "2019.04.13"]
[EventType "swiss"]
[EventCountry "URU"]
[SourceTitle "playchess.com"]
[Source "ChessBase"]
[SourceQuality "1"]
[TimeControl "40/5400+30:1800+30"]

1. d4 Nf6 2. c4 c5 3. d5 b5 4. cxb5 a6 5. e3 g6 6. Nc3 Bg7 7. a4 d6 8. e4 O-O 9. Nf3 Ne8 10. Bd2 f5 11. exf5 Bxf5 12. Be2 axb5 13. axb5 Nd7 14. O-O Nb6 15. Ra6 Qb8 16. Bg5 Nf6 17. Na4 Rxa6 18. bxa6 Nxa4 19. Qxa4 Nxd5 20. a7 Qb7 21. Bb5 Nb4 22. Bxe7 Bc2 23. b3 Qxe7 24. a8=Q Rxa8 25. Bc4+ Kh8 26. Qxa8+ Qf8 27. Qb7 Qd8 28. Re1 d5 29. Ng5 1-0

[Event "FIDE Zonal 2.5 Open 2019"]
[Site "Montevideo"]
[Date "2019.04.16"]
[Round "5.9"]
[White "Rodriguez Vila, Andres"]
[Black "Larrea, Manuel"]
[Result "1-0"]
[ECO "D05"]
[WhiteElo "2480"]
[BlackElo "2230"]
[Annotator "ChessBase"]
[PlyCount "85"]
[EventDate "2019.04.13"]
[EventType "swiss"]
[EventCountry "URU"]
[SourceTitle "playchess.com"]
[Source "ChessBase"]
[SourceQuality "1"]
[TimeControl "40/5400+30:1800+30"]

1. d4 Nf6 2. Nf3 e6 3. e3 d5 4. Bd3 c5 5. b3 Nc6 6. O-O Be7 7. Bb2 O-O 8. Nbd2 b6 9. dxc5 bxc5 10. a3 a5 11. c4 Bb7 12. cxd5 exd5 13. Rc1 Re8 14. Qc2 h6 15. Rfd1 Bd6 16. Nf1 Rc8 17. Bb5 Re6 18. Ng3 Ng4 19. Nf5 Bf8 20. Bc4 Nce5 21. Nxe5 Nxe5 22. Bxd5 Bxd5 23. e4 Nf3+ 24. gxf3 Qg5+ 25. Kh1 Rg6 26. Rg1 Qxf5 27. Qd3 Bxe4 28. fxe4 Rxg1+ 29. Rxg1 Qxf2 30. Bc3 Re8 31. e5 a4 32. bxa4 Qf4 33. a5 c4 34. Qe2 Re6 35. Rf1 Qh4 36. Qf3 Qe7 37. Qd5 Qc7 38. a4 g6 39. Rf4 Qc6 40. Qxc6 Rxc6 41. Rf6 Rc8 42. Kg2 Bg7 43. Rb6 1-0

[Event "FIDE Zonal 2.5 Open 2019"]
[Site "Montevideo"]
[Date "2019.04.16"]
[Round "5.10"]
[White "Carbone, Diego"]
[Black "Curia, Santiago Jose"]
[Result "1-0"]
[ECO "D30"]
[WhiteElo "2277"]
[BlackElo "1989"]
[Annotator "NA"]
[PlyCount "77"]
[EventDate "2019.04.13"]
[EventType "swiss"]
[EventCountry "URU"]
[SourceTitle "playchess.com"]
[Source "ChessBase"]
[SourceQuality "1"]
[TimeControl "40/5400+30:1800+30"]

1. d4 d5 2. c4 e6 3. Nf3 a6 4. g3 dxc4 5. Bg2 b5 6. Ne5 Ra7 7. a4 Bb7 8. e4 c6 9. Be3 Ra8 10. O-O Nd7 11. f4 h5 12. Nc3 Bb4 13. d5 Nxe5 14. fxe5 Bxc3 15. bxc3 cxd5 16. exd5 exd5 17. Qf3 Qc7 18. Bd4 Qe7 19. axb5 axb5 20. Rxa8+ Bxa8 21. Ra1 Bb7 22. Ra7 Qd7 23. e6 fxe6 24. Qf4 Qc8 25. Bxg7 Rh7 26. Qf8+ Kd7 27. Rxb7+ Qxb7 28. Qxg8 Qa7+ 29. Kf1 Qa1+ 30. Kf2 Rxg7 31. Qxg7+ Kd6 32. Qd4 Qb2+ 33. Kf3 e5 34. Qb6+ Kd7 35. Bh3+ Ke8 36. Qe6+ Kf8 37. Qf6+ Kg8 38. Qg6+ Kf8 39. Qd6+ 1-0

[Event "FIDE Zonal 2.5 Open 2019"]
[Site "Montevideo"]
[Date "2019.04.16"]
[Round "5.11"]
[White "Suarez, Pedro"]
[Black "Jodorcovsky Werjivker, Paulo"]
[Result "1/2-1/2"]
[ECO "D30"]
[WhiteElo "2019"]
[BlackElo "2257"]
[Annotator "NA"]
[PlyCount "86"]
[EventDate "2019.04.13"]
[EventType "swiss"]
[EventCountry "URU"]
[SourceTitle "playchess.com"]
[Source "ChessBase"]
[SourceQuality "1"]
[TimeControl "40/5400+30:1800+30"]

1. d4 d5 2. c4 e6 3. Nf3 c6 4. e3 f5 5. Be2 Nf6 6. Nbd2 Bd6 7. c5 Bc7 8. b4 a6 9. Bb2 Nbd7 10. Ng5 Qe7 11. f4 O-O 12. Qc2 h6 13. Ngf3 Ne4 14. g3 Nxd2 15. Qxd2 Nf6 16. a4 Ne4 17. Qc2 Bd7 18. a5 Be8 19. Rg1 Bh5 20. Nh4 Bxe2 21. Qxe2 Kh7 22. Kd1 g5 23. Nf3 g4 24. Ne1 Rg8 25. Kc2 Rg6 26. Ng2 h5 27. Bc3 Rag8 28. Be1 Rh6 29. Nh4 Qe8 30. Rc1 Bd8 31. Rg2 Bxh4 32. gxh4 Rhg6 33. Bg3 R6g7 34. Ra1 Qd8 35. Qe1 Nf6 36. Qe2 Ne8 37. Qe1 Nc7 38. Qe2 Nb5 39. Qd2 Qf6 40. Rgg1 Rd7 41. Rgf1 Qg6 42. Qd3 Qf6 43. Kb3 Qg6 1/2-1/2

[Event "FIDE Zonal 2.5 Open 2019"]
[Site "Montevideo"]
[Date "2019.04.16"]
[Round "5.12"]
[White "Lanzilotta, Marcelo"]
[Black "Lopez Azambuja, Nicolas"]
[Result "0-1"]
[ECO "C00"]
[WhiteElo "1972"]
[BlackElo "2328"]
[Annotator "NA"]
[PlyCount "72"]
[EventDate "2019.04.13"]
[EventType "swiss"]
[EventCountry "URU"]
[SourceTitle "playchess.com"]
[Source "ChessBase"]
[SourceQuality "1"]
[TimeControl "40/5400+30:1800+30"]

1. e4 e6 2. d3 d5 3. Nd2 c5 4. Ngf3 Nc6 5. g3 Bd6 6. Bg2 Nge7 7. O-O O-O 8. Re1 Qc7 9. Nf1 d4 10. c3 e5 11. h3 f6 12. g4 Ng6 13. Ng3 Nd8 14. Bd2 Ne6 15. Nh5 Bd7 16. Qb3 Kh8 17. Rac1 Rac8 18. Ng3 Qb8 19. Nf5 Ngf4 20. Bf1 b5 21. Bxf4 Nxf4 22. cxd4 exd4 23. Nxd6 Qxd6 24. e5 Qb6 25. Re4 fxe5 26. Nxe5 Be6 27. Qc2 Qd6 28. b4 c4 29. dxc4 bxc4 30. Qd2 c3 31. Qxd4 Qxd4 32. Rxd4 Bxa2 33. Kh2 Ne2 34. Bxe2 Rxf2+ 35. Kg3 Rxe2 36. Rxc3 Rxc3+ {[%emt 0:00:14] Rd8+ [%clk 0:08:27]} 0-1

[Event "FIDE Zonal 2.5 Open 2019"]
[Site "Montevideo"]
[Date "2019.04.16"]
[Round "5.13"]
[White "Muniz, Rafael"]
[Black "Pichuaga, Juan Pablo"]
[Result "1-0"]
[ECO "B12"]
[WhiteElo "2257"]
[BlackElo "2021"]
[Annotator "NA"]
[PlyCount "81"]
[EventDate "2019.04.13"]
[EventType "swiss"]
[EventCountry "URU"]
[SourceTitle "playchess.com"]
[Source "ChessBase"]
[SourceQuality "1"]
[TimeControl "40/5400+30:1800+30"]

1. e4 c6 2. d4 d5 3. e5 Bf5 4. h4 h5 5. Bg5 Qb6 6. Bd3 Bxd3 7. Qxd3 e6 8. Nd2 Ne7 9. c4 Nf5 10. Ngf3 Qa6 11. b3 Nd7 12. O-O Be7 13. Bxe7 Kxe7 14. Qc3 Qb6 15. b4 a5 16. Rfb1 axb4 17. Rxb4 Qa6 18. a4 b6 19. cxd5 cxd5 20. Qa3 Ke8 21. Rc1 f6 22. Rbb1 Kf7 23. Rc7 Rhd8 24. Qb3 Ke8 25. exf6 gxf6 26. Re1 Kf7 27. Nf1 Qxa4 28. Qxb6 Qa6 29. Rxe6 Qxb6 30. Rxb6 Ra4 31. Ne3 Ra1+ 32. Kh2 Nxe3 33. fxe3 Ra3 34. Rd6 Ke7 35. Rxd5 Rxe3 36. Rxh5 Re2 37. d5 Kd6 38. Rc6+ Ke7 39. Rh7+ Ke8 40. Rh8+ Ke7 41. d6+ 1-0

[Event "FIDE Zonal 2.5 Open 2019"]
[Site "Montevideo"]
[Date "2019.04.16"]
[Round "5.14"]
[White "Rodriguez, Santiago"]
[Black "Belmes, Martin"]
[Result "0-1"]
[ECO "A45"]
[WhiteElo "2257"]
[BlackElo "2081"]
[Annotator "NA"]
[PlyCount "147"]
[EventDate "2019.04.13"]
[EventType "swiss"]
[EventCountry "URU"]
[SourceTitle "playchess.com"]
[Source "ChessBase"]
[SourceQuality "1"]
[TimeControl "40/5400+30:1800+30"]

1. d4 Nf6 2. Bf4 c5 3. d5 Qb6 4. Nc3 Qxb2 5. Bd2 Qb6 6. e4 d6 7. f4 Nbd7 8. Nf3 Qc7 9. Bc4 a6 10. a4 Nb6 11. Ba2 e5 12. O-O Bd7 13. Ng5 c4 14. a5 Na4 15. Qe2 Rc8 16. Nxa4 Bxa4 17. Bc3 Be7 18. fxe5 dxe5 19. Rf5 Bd6 20. Raf1 h6 21. Nf3 Bd7 22. Rxe5+ Bxe5 23. Bxe5 Qc5+ 24. Bd4 Qe7 25. Ne5 O-O 26. Bxc4 Bb5 27. Bd3 Bxd3 28. cxd3 Nd7 29. Nc4 f6 30. Ne3 Qb4 31. Nf5 Kh7 32. Be3 Ne5 33. Qh5 Nf7 34. Nh4 Nh8 35. Nf5 Nf7 36. Nh4 Rc7 37. Qg6+ Kh8 38. Qg3 Rfc8 39. Nf5 Ng5 40. h4 Nh7 41. Bb6 Rd7 42. Qg4 Qa4 43. d6 Nf8 44. Nxg7 Nh7 45. Nf5 Rg8 46. Qf3 h5 47. Qxh5 Qc2 48. Qf3 Rg6 49. Rf2 Qc1+ 50. Rf1 Qc2 51. d4 Qa2 52. Rc1 Qe6 53. Rc8+ Rg8 54. d5 Qe5 55. Rxg8+ Kxg8 56. Qg4+ Kh8 57. Ne7 Rxe7 58. dxe7 Qxe7 59. Qc8+ Kg7 60. Qc7 Qxc7 61. Bxc7 Nf8 62. Kf2 Nd7 63. Ke3 Kf7 64. g4 Nf8 65. h5 Nd7 66. Bd6 b6 67. Kd4 b5 68. Ke3 Kg7 69. Kf4 Kg8 70. Kf5 Kf7 71. g5 fxg5 72. e5 Kg7 73. e6 Nf8 74. h6+ 0-1

[Event "FIDE Zonal 2.5 Open 2019"]
[Site "Montevideo"]
[Date "2019.04.16"]
[Round "5.15"]
[White "Curi, Gabriel"]
[Black "Gaye, Gustavo"]
[Result "1/2-1/2"]
[ECO "A43"]
[WhiteElo "2202"]
[BlackElo "2000"]
[Annotator "NA"]
[PlyCount "104"]
[EventDate "2019.04.13"]
[EventType "swiss"]
[EventCountry "URU"]
[SourceTitle "playchess.com"]
[Source "ChessBase"]
[SourceQuality "1"]
[TimeControl "40/5400+30:1800+30"]

1. d4 c5 2. d5 d6 3. c4 g6 4. e4 Nf6 5. Nc3 Bg7 6. f3 Na6 7. Be3 O-O 8. Qd2 Nc7 9. a3 b6 10. Nge2 Bd7 11. Nf4 Rb8 12. b4 a6 13. Be2 Nce8 14. O-O e6 15. Rab1 e5 16. Nd3 Nh5 17. a4 Nf4 18. a5 Nxd3 19. Qxd3 cxb4 20. Rxb4 bxa5 21. Rxb8 Qxb8 22. c5 dxc5 23. Rb1 Qc8 24. Qxa6 Qxa6 25. Bxa6 Nc7 26. Bc4 Rc8 27. Rb7 Bf8 28. Ra7 a4 29. Kf2 Bd6 30. Nxa4 Bxa4 31. Rxa4 Ra8 32. Rxa8+ Nxa8 33. Ke2 Kf8 34. g3 Nb6 35. Bb5 f5 36. Kd3 Kf7 37. h4 h5 38. Kc3 Kf8 39. Bg5 Be7 40. Be3 Bd6 41. Bd3 fxe4 42. Bxe4 Kf7 43. Bg5 Be7 44. Bxe7 Kxe7 45. Bxg6 Nxd5+ 46. Kc4 Ne3+ 47. Kxc5 Nf1 48. Bxh5 Nxg3 49. Bg6 Kf6 50. Bd3 Nh5 51. Kd5 Nf4+ 52. Ke4 Ne6 1/2-1/2

[Event "FIDE Zonal 2.5 Open 2019"]
[Site "Montevideo"]
[Date "2019.04.16"]
[Round "5.16"]
[White "Sosa Macho, Juan Manuel"]
[Black "Carvalho, Guillermo"]
[Result "1-0"]
[ECO "A06"]
[WhiteElo "2076"]
[BlackElo "2194"]
[Annotator "NA"]
[PlyCount "85"]
[EventDate "2019.04.13"]
[EventType "swiss"]
[EventCountry "URU"]
[SourceTitle "playchess.com"]
[Source "ChessBase"]
[SourceQuality "1"]
[TimeControl "40/5400+30:1800+30"]

1. Nf3 d5 2. b3 Nf6 3. Bb2 e6 4. e3 Nbd7 5. Be2 Be7 6. O-O O-O 7. d3 b6 8. c4 Bb7 9. Nbd2 Re8 10. Ne1 Bd6 11. cxd5 exd5 12. d4 Nf8 13. Nd3 Ng6 14. Re1 Ne4 15. Nf1 Qe7 16. Bf3 Ba6 17. Ng3 Qh4 18. Rc1 Rad8 19. Ne5 Nxe5 20. dxe5 Bb4 21. Rxc7 Bxe1 22. Qxe1 Nxg3 23. hxg3 Qg5 24. Rxa7 Bc8 25. Be2 Be6 26. Qb4 Qf5 27. Bd4 Rc8 28. f3 Rc1+ 29. Kf2 Rec8 30. Qb5 Qh5 31. f4 Bg4 32. e6 Bxe2 33. exf7+ Kh8 34. f8=Q+ Rxf8 35. Qxe2 Qh1 36. Bxg7+ Kg8 37. Bxf8 Qg1+ 38. Kf3 h5 39. g4 Rf1+ 40. Kg3 Re1 41. Qc2 Rxe3+ 42. Kh4 Re4 43. Bd6 1-0

[Event "FIDE Zonal 2.5 Open 2019"]
[Site "Montevideo"]
[Date "2019.04.16"]
[Round "5.17"]
[White "El Ters, Antouan"]
[Black "Dotta, Gian Franco"]
[Result "1-0"]
[ECO "C05"]
[WhiteElo "2181"]
[BlackElo "1959"]
[Annotator "NA"]
[PlyCount "71"]
[EventDate "2019.04.13"]
[EventType "swiss"]
[EventCountry "URU"]
[SourceTitle "playchess.com"]
[Source "ChessBase"]
[SourceQuality "1"]
[TimeControl "40/5400+30:1800+30"]

1. e4 e6 2. d4 d5 3. Nd2 Nf6 4. Bd3 c5 5. exd5 Qxd5 6. Ngf3 cxd4 7. Bc4 Qd8 8. Nb3 Nc6 9. O-O Be7 10. Nbxd4 Nxd4 11. Nxd4 O-O 12. c3 Qc7 13. Qe2 b6 14. Bg5 Bb7 15. Rfe1 Kh8 16. Bd3 Rfd8 17. Rad1 Qc5 18. Bh4 Qd5 19. f3 Qh5 20. Bg3 Bc5 21. Bc2 Nd5 22. Kh1 Rac8 23. Be4 Ba8 24. Qa6 Ne7 25. Qxa7 Bxe4 26. fxe4 b5 27. Qb7 b4 28. Nf3 bxc3 29. bxc3 Ng8 30. Rxd8 Rxd8 31. Ne5 Nh6 32. Qc7 Rd1 33. Qxc5 Rxe1+ 34. Bxe1 f6 35. Qf8+ Ng8 36. Nf7+ 1-0

[Event "FIDE Zonal 2.5 Open 2019"]
[Site "Montevideo"]
[Date "2019.04.16"]
[Round "5.18"]
[White "Moccero, Eduardo"]
[Black "Kropff, Ricardo"]
[Result "1/2-1/2"]
[ECO "D04"]
[WhiteElo "1939"]
[BlackElo "2220"]
[Annotator "NA"]
[PlyCount "40"]
[EventDate "2019.04.13"]
[EventType "swiss"]
[EventCountry "URU"]
[SourceTitle "playchess.com"]
[Source "ChessBase"]
[SourceQuality "1"]
[TimeControl "40/5400+30:1800+30"]

1. d4 Nf6 2. Nf3 d5 3. e3 c5 4. Bd3 Nbd7 5. c3 g6 6. Nbd2 Bg7 7. O-O O-O 8. Bc2 Qc7 9. Qe2 e5 10. dxe5 Nxe5 11. Nxe5 Qxe5 12. Nf3 Qc7 13. h3 Re8 14. Rd1 b6 15. Rb1 Bb7 16. c4 dxc4 17. Qxc4 Red8 18. Qe2 Rxd1+ 19. Bxd1 Rd8 20. Bc2 Ne4 1/2-1/2

[Event "FIDE Zonal 2.5 Open 2019"]
[Site "Montevideo"]
[Date "2019.04.16"]
[Round "5.19"]
[White "Avedisian, Alexander"]
[Black "Restuccia, Francisco"]
[Result "0-1"]
[ECO "A25"]
[WhiteElo "1898"]
[BlackElo "2100"]
[Annotator "NA"]
[PlyCount "90"]
[EventDate "2019.04.13"]
[EventType "swiss"]
[EventCountry "URU"]
[SourceTitle "playchess.com"]
[Source "ChessBase"]
[SourceQuality "1"]
[TimeControl "40/5400+30:1800+30"]

1. g3 e5 2. c4 Nc6 3. Bg2 g6 4. Nc3 Bg7 5. Nf3 d6 6. O-O Nge7 7. h3 O-O 8. e4 f5 9. d3 h6 10. Nd5 g5 11. Rb1 a5 12. b3 f4 13. Kh2 Ng6 14. g4 Rf7 15. Bb2 Nd4 16. Bxd4 exd4 17. e5 dxe5 18. c5 Qxd5 19. Nxg5 Qxc5 20. Nxf7 Kxf7 21. Rc1 Qd6 22. Be4 Bd7 23. Bxb7 Rb8 24. Be4 f3 25. Qxf3+ Nf4 26. Rc2 c5 27. Rfc1 Bf8 28. Rg1 Be7 29. Qg3 Qf6 30. h4 Rg8 31. f3 Nh5 32. Qe1 Qf4+ 33. Kh1 Nf6 34. Qc1 Nxe4 35. Qxf4+ exf4 36. dxe4 Ke6 37. h5 Ke5 38. Rd1 Bb5 39. Kg2 d3 40. Rcc1 Rd8 41. Kf2 Kd4 42. Rd2 c4 43. bxc4 Bxc4 44. Rcc2 Bh4+ 45. Kg2 Ke3 0-1

[Event "FIDE Zonal 2.5 Open 2019"]
[Site "Montevideo"]
[Date "2019.04.16"]
[Round "5.20"]
[White "Vazquez, Facundo"]
[Black "Pena Canapa, Alfredo"]
[Result "1-0"]
[ECO "D20"]
[WhiteElo "2009"]
[BlackElo "1811"]
[Annotator "NA"]
[PlyCount "51"]
[EventDate "2019.04.13"]
[EventType "swiss"]
[EventCountry "URU"]
[SourceTitle "playchess.com"]
[Source "ChessBase"]
[SourceQuality "1"]
[TimeControl "40/5400+30:1800+30"]

1. d4 d5 2. c4 dxc4 3. e4 e5 4. Nf3 exd4 5. Bxc4 Bb4+ 6. Bd2 Bxd2+ 7. Nbxd2 c5 8. b4 Nf6 9. bxc5 O-O 10. O-O Nc6 11. Rb1 h6 12. h3 Qe7 13. Qc2 Rb8 14. Rfe1 Be6 15. Bd5 Rfc8 16. Nb3 Nb4 17. Qd2 Nbxd5 18. exd5 Nxd5 19. Nfxd4 Nc7 20. Nf5 Qf6 21. Nd6 Rd8 22. Nd4 Bd5 23. N4f5 Be6 24. Qd4 Qxd4 25. Nxd4 b6 26. Nc6 1-0

[Event "FIDE Zonal 2.5 Open 2019"]
[Site "Montevideo"]
[Date "2019.04.16"]
[Round "5.21"]
[White "Adasme Fredes, Mauricio"]
[Black "Reolon, Victor"]
[Result "1-0"]
[ECO "A40"]
[WhiteElo "2086"]
[BlackElo "1659"]
[Annotator "NA"]
[PlyCount "55"]
[EventDate "2019.04.13"]
[EventType "swiss"]
[EventCountry "URU"]
[SourceTitle "playchess.com"]
[Source "ChessBase"]
[SourceQuality "1"]
[TimeControl "40/5400+30:1800+30"]

1. d4 e6 2. c4 f5 3. Nf3 Nf6 4. g3 Be7 5. d5 O-O 6. Bg2 exd5 7. cxd5 Bb4+ 8. Nc3 d6 9. O-O Na6 10. Nd4 Nc5 11. a3 Bxc3 12. bxc3 Qe8 13. c4 Bd7 14. Qc2 Nfe4 15. f3 Nf6 16. Bh3 Qg6 17. Nxf5 Nxd5 18. e4 Ba4 19. Qd2 Kh8 20. Qxd5 Rae8 21. Bb2 Ne6 22. Qd2 Bc6 23. Nh4 Qh5 24. Bf5 Kg8 25. Qc3 Qg5 26. Rae1 Rf6 27. Qc2 Rxf5 28. exf5 1-0

[Event "FIDE Zonal 2.5 Open 2019"]
[Site "Montevideo"]
[Date "2019.04.16"]
[Round "5.22"]
[White "Rodriguez Farias, Eduardo"]
[Black "Fein, Jorge"]
[Result "1-0"]
[ECO "C77"]
[WhiteElo "1898"]
[BlackElo "1648"]
[Annotator "NA"]
[PlyCount "77"]
[EventDate "2019.04.13"]
[EventType "swiss"]
[EventCountry "URU"]
[SourceTitle "playchess.com"]
[Source "ChessBase"]
[SourceQuality "1"]
[TimeControl "40/5400+30:1800+30"]

1. e4 e5 2. Nf3 Nc6 3. Bb5 a6 4. Ba4 Nf6 5. d3 b5 6. Bb3 h6 7. O-O Be7 8. Re1 O-O 9. c3 d6 10. h3 Na5 11. Bc2 c5 12. Nbd2 Be6 13. Nf1 Nc6 14. Ng3 Qc8 15. Kh2 Bd8 16. Nh4 Ng4+ 17. hxg4 Bxh4 18. Nf5 Bxf5 19. gxf5 Qd8 20. g3 Bg5 21. f4 exf4 22. gxf4 Bf6 23. Qg4 Kh8 24. Be3 Rb8 25. Rg1 Rg8 26. Rg2 b4 27. Rh1 Qf8 28. Ba4 Nd8 29. d4 bxc3 30. bxc3 cxd4 31. cxd4 Rb4 32. Qd1 Rb8 33. e5 dxe5 34. fxe5 Be7 35. Kg1 f6 36. Bb3 Nf7 37. Bxf7 Qxf7 38. Bxh6 gxh6 39. Rxh6+ 1-0

[Event "FIDE Zonal 2.5 Open 2019"]
[Site "Montevideo"]
[Date "2019.04.16"]
[Round "5.23"]
[White "Romero, Robert"]
[Black "Pinero, Ismael"]
[Result "0-1"]
[ECO "B34"]
[WhiteElo "1599"]
[BlackElo "1872"]
[Annotator "NA"]
[PlyCount "80"]
[EventDate "2019.04.13"]
[EventType "swiss"]
[EventCountry "URU"]
[SourceTitle "playchess.com"]
[Source "ChessBase"]
[SourceQuality "1"]
[TimeControl "40/5400+30:1800+30"]

1. e4 c5 2. Nf3 Nc6 3. d4 cxd4 4. Nxd4 Nf6 5. Nc3 e5 6. Nxc6 bxc6 7. Be2 Bb4 8. Bg5 Bxc3+ 9. bxc3 Qa5 10. Bxf6 Qxc3+ 11. Kf1 gxf6 12. Rb1 Qd4 13. Bd3 h5 14. Qf3 Ke7 15. Qe2 d6 16. Qe1 Bd7 17. Rb4 Qc5 18. Qb1 a5 19. Rb7 Ra7 20. Rb6 h4 21. h3 f5 22. exf5 d5 23. c4 e4 24. Qb2 f6 25. Be2 d4 26. g4 hxg3 27. fxg3 Qxf5+ 28. Ke1 c5 29. Rf1 Qe5 30. Rbxf6 Qxg3+ 31. Kd1 Rb8 32. Rf7+ Kd8 33. Rf8+ Be8 34. Qd2 Rb1+ 35. Kc2 Rxf1 36. Bxf1 d3+ 37. Kd1 Qg7 38. Rf5 Qa1+ 39. Qc1 Ba4+ 40. Kd2 e3+ 0-1

[Event "FIDE Zonal 2.5 Open 2019"]
[Site "Montevideo"]
[Date "2019.04.16"]
[Round "5.24"]
[White "Zaruski, Julio"]
[Black "Ramirez Dominguez, Agustin"]
[Result "1/2-1/2"]
[ECO "D71"]
[WhiteElo "1842"]
[BlackElo "1907"]
[Annotator "NA"]
[PlyCount "98"]
[EventDate "2019.04.13"]
[EventType "swiss"]
[EventCountry "URU"]
[SourceTitle "playchess.com"]
[Source "ChessBase"]
[SourceQuality "1"]
[TimeControl "40/5400+30:1800+30"]

1. d4 Nf6 2. c4 g6 3. g3 Bg7 4. Bg2 O-O 5. Nf3 c6 6. O-O d5 7. Qc2 Bf5 8. Qb3 Qb6 9. Nbd2 Nbd7 10. c5 Qc7 11. Nh4 Be4 12. Nxe4 Nxe4 13. Bf4 e5 14. dxe5 Ndxc5 15. Qe3 Bxe5 16. Bxe5 Qxe5 17. f3 d4 18. Qh6 Qg5 19. Qxg5 Nxg5 20. Rac1 Nge6 21. f4 f5 22. Nf3 Rad8 23. Ne5 Nd7 24. Nd3 Nf6 25. Nc5 Nxc5 26. Rxc5 Rfe8 27. Ra5 Rxe2 28. Rxa7 Rxb2 29. Bf3 d3 30. Bd1 d2 31. Ra3 Re8 32. Rd3 Kg7 33. Kf2 Ne4+ 34. Kf3 Nc5 35. Re3 Rxe3+ 36. Kxe3 Rxa2 37. Kd4 Ne4 38. g4 Kf6 39. g5+ Ke7 40. Bf3 Ra4+ 41. Kd3 Ra3+ 42. Ke2 Rc3 43. Bxe4 Rc1 44. Bg2 Rxf1 45. Bxf1 Kd6 46. Kxd2 b5 47. Bd3 Kd5 48. h4 c5 49. Ke3 c4 1/2-1/2

[Event "FIDE Zonal 2.5 Open 2019"]
[Site "Montevideo"]
[Date "2019.04.16"]
[Round "5.25"]
[White "Prieto Perez, Rodrigo"]
[Black "Campora, Edgardo"]
[Result "0-1"]
[ECO "B02"]
[WhiteElo "2037"]
[BlackElo "1705"]
[Annotator "NA"]
[PlyCount "34"]
[EventDate "2019.04.13"]
[EventType "swiss"]
[EventCountry "URU"]
[SourceTitle "playchess.com"]
[Source "ChessBase"]
[SourceQuality "1"]
[TimeControl "40/5400+30:1800+30"]

1. e4 Nf6 2. e5 Nd5 3. Bc4 Nb6 4. Bb3 Nc6 5. Nf3 d6 6. d4 Bg4 7. exd6 cxd6 8. Bxf7+ Kd7 9. d5 Bxf3 10. Qxf3 Ne5 11. Be6+ Kc7 12. Qc3+ Kb8 13. Bf4 Ng6 14. Be3 Na4 15. Qb4 Nb6 16. Nd2 Ne5 17. c4 Nd3+ 0-1

[Event "FIDE Zonal 2.5 Open 2019"]
[Site "Montevideo"]
[Date "2019.04.16"]
[Round "5.26"]
[White "Manteiga, Franco"]
[Black "Lanaro, Emilio"]
[Result "1/2-1/2"]
[ECO "E97"]
[WhiteElo "1684"]
[BlackElo "1694"]
[Annotator "NA"]
[PlyCount "55"]
[EventDate "2019.04.13"]
[EventType "swiss"]
[EventCountry "URU"]
[SourceTitle "playchess.com"]
[Source "ChessBase"]
[SourceQuality "1"]
[TimeControl "40/5400+30:1800+30"]

1. d4 Nf6 2. c4 g6 3. Nc3 Bg7 4. e4 d6 5. Nf3 O-O 6. Be2 e5 7. O-O Nc6 8. d5 Ne7 9. b4 Nh5 10. Re1 f5 11. Ng5 Nf4 12. Bxf4 exf4 13. Rc1 h6 14. Ne6 Bxe6 15. dxe6 Bxc3 16. Rxc3 fxe4 17. Bg4 a5 18. b5 d5 19. cxd5 Nxd5 20. e7 Nxe7 21. Qxd8 Raxd8 22. Rxc7 Nf5 23. Bxf5 Rxf5 24. Rxb7 Rf7 25. Rb6 Rd2 26. Rxg6+ Kh7 27. Re6 Rxa2 28. R6xe4 1/2-1/2